 Dungeon Crawl Stone Soup version 0.29-a0-1065-g47a6bb87d6 (webtiles) character file.

Game seed: 14273960373082824025

4355 freelancePsychic the Fighter (level 10, -1/81 HPs)
             Began as a Human Wanderer on Aug 18, 2022.
             Was a Believer of Kikubaaqudgha.
             Slain by a two-headed ogre
             ... wielding a +0 giant club
              (21 damage)
             ... on level 9 of the Dungeon.
             The game lasted 00:15:27 (6250 turns).

freelancePsychic the Fighter (Human Wanderer)       Turns: 6250, Time: 00:15:28

Health: -1/81      AC: 10    Str: 24    XL:     10   Next: 60%
Magic:  4/16       EV: 10    Int: 16    God:    Kikubaaqudgha [**....]
Gold:   645        SH:  0    Dex: 10    Spells: 6/17 levels left

rFire   . . .      SeeInvis .   a - +8 scimitar "Xigutz" {pain, rElec Str+9 Int-3 Dex-4}
rCold   . . .      Faith    .   (no shield)
rNeg    . . .      Spirit   .   H - +0 ring mail
rPois   +          Reflect  .   e - +0 helmet
rElec   +          Harm     .   (no cloak)
rCorr   .          Rampage  .   g - +2 pair of gloves
Will    .....                   z - +0 pair of boots
Stlth   ..........              i - amulet of regeneration
HPRegen 1.03/turn               C - ring of poison resistance
MPRegen 0.15/turn               p - ring "Mentok" {Fly Int+6}

@: marked, animating dead, flying, hasted, invisible, very quick
A: no striking features
a: Renounce Religion, Unearth Wretches


You were on level 9 of the Dungeon.
You worshipped Kikubaaqudgha.
Kikubaaqudgha was pleased with you.
You visited 1 branch of the dungeon, and saw 9 of its levels.

You collected 645 gold pieces.

Inventory:

Hand Weapons
 a - the +8 scimitar "Xigutz" (weapon) {pain, rElec Str+9 Int-3 Dex-4}
   (You found it on level 3 of the Dungeon)

   In the hands of one skilled in necromantic magic, it inflicts extra damage on
   living creatures.
   Str:       It affects your strength (+9).
   Int:       It affects your intelligence (-3).
   Dex:       It affects your dexterity (-4).
   rElec:     It insulates you from electricity.
 b - a +2 short sword of speed
 r - a +3 short sword
 w - a +0 sling
Missiles
 F - 4 throwing nets
Armour
 d - a +0 leather armour
 e - a +0 helmet (worn)
 g - a +2 pair of gloves (worn)
 m - a +0 scale mail
 z - a +0 pair of boots (worn)
 B - a +0 buckler
 H - a +0 ring mail (worn)
Jewellery
 i - an amulet of regeneration (around neck)
 p - the ring "Mentok" (right hand) {Fly Int+6}
   (You acquired it on level 4 of the Dungeon)

   [ring of flight]

   Int:       It affects your intelligence (+6).
   Fly:       It grants you flight.
 v - a ring of willpower
 A - a ring of protection from fire
 C - a ring of poison resistance (left hand)
 E - a ring of flight
Wands
 u - a wand of flame (17)
Scrolls
 c - 2 scrolls of blinking
 f - 2 scrolls of amnesia
 h - a scroll of teleportation {@r4}
 t - a scroll of poison {unknown}
 y - a scroll of enchant weapon
 D - 2 scrolls of vulnerability {unknown}
 G - a scroll of fear {unknown}
 J - 2 scrolls of magic mapping
 K - a scroll of silence
Potions
 j - a potion of berserk rage {unknown}
 l - 5 potions of curing {@q1}
 n - 2 potions of brilliance
 q - a potion of haste {@q3}
 s - 2 potions of might {unknown}
 x - a potion of flight {unknown}
 L - 2 potions of lignification {unknown}
 M - a potion of magic {unknown}
 N - a potion of heal wounds {unknown}


   Skills:
 + Level 8.3 Fighting
 - Level 6.5(7.7) Short Blades
 - Level 6.3(7.6) Long Blades
 - Level 1.6 Ranged Weapons
 - Level 2.0 Armour
 + Level 4.4 Spellcasting
 + Level 0.2 Hexes
 + Level 8.0 Necromancy


You had 6 spell levels left.
You knew the following spells:

 Your Spells              Type           Power      Damage    Failure   Level
a - Vampiric Draining     Necr           29%        2d8       2%          3
b - Animate Dead          Necr           29%        N/A       10%         4
c - Anguish               Hex/Necr       8%         N/A       43%         4

Your spell library contained the following spells:

 Spells                   Type           Power      Damage    Failure   Level
 Necrotise                Necr           100%       1d9       1%          1
 Sublimation of Blood     Necr           29%        N/A       1%          2
 Magic Dart               Conj           12%        1d3       26%         1
 Ensorcelled Hibernation  Hex/Ice        6%         N/A       36%         2
 Searing Ray              Conj           6%         2d4       36%         2
 Tukima's Dance           Hex            4%         N/A       56%         3
 Portal Projectile        Hex/Tloc       6%         N/A       58%         3
 Spider Form              Tmut/Pois      3%         N/A       58%         3
 Fulminant Prism          Conj/Hex       1%         3d6       94%         4
 Petrify                  Tmut/Erth      3%         N/A       94%         4
 Blade Hands              Tmut           1%         N/A       100%        5
 Irradiate                Conj/Tmut      1%         3d12      100%        5


Dungeon Overview and Level Annotations

Branches:
Dungeon (10/15)            Temple (0/1) D:7
   Lair: D:8-11         Orc: D:9-12

Altars:
Cheibriados
Fedhas
Hepliaklqana
Kikubaaqudgha
Makhleb
Okawaru
Ru
Sif Muna
Vehumet
Xom
Zin

Shops:
D:4 =

Annotations:
D:7 1 runed translucent door, Prince Ribbit; ragingrage's ghost, novice MiDe


Message History

The two-headed ogre is lightly wounded.
You closely miss the two-headed ogre.
The two-headed ogre is lightly wounded.
You slash the two-headed ogre!
The two-headed ogre writhes in agony!
The two-headed ogre is heavily wounded.
The two-headed ogre hits you with a +0 giant club!!
* * * LOW HITPOINT WARNING * * *
The two-headed ogre hits you with a +0 giant spiked club!
* * * LOW HITPOINT WARNING * * *
Casting: Animate Dead (dangerous; 10% risk of failure)
Confirm with . or Enter, or press ? or * to list all spells.
Aiming: Vampiric Draining (mildly dangerous; 2% risk of failure)
Press: ? - help, Shift-Dir - straight line, f - two-headed ogre
Aim: a two-headed ogre, wielding a +0 giant club and a +0 giant spiked club (heavily wounded, unable to see you)
You draw life force from the two-headed ogre!
You feel life coursing into your body.
Casting: Vampiric Draining (mildly dangerous; 2% risk of failure)
Confirm with . or Enter, or press ? or * to list all spells.
Aiming: Vampiric Draining (mildly dangerous; 2% risk of failure)
Press: ? - help, Shift-Dir - straight line, f/p - two-headed ogre
Aim: a two-headed ogre, wielding a +0 giant club and a +0 giant spiked club (severely wounded, unable to see you)
You draw life force from the two-headed ogre!
You feel life coursing into your body.
A gnoll sergeant comes into view. It is wielding a +0 spear.
The two-headed ogre hits you with a +0 giant club.
* * * LOW HITPOINT WARNING * * *
The two-headed ogre misses you.
You completely miss the two-headed ogre.
The two-headed ogre is severely wounded.
A killer bee comes into view.
Casting: Vampiric Draining (mildly dangerous; 2% risk of failure)
Confirm with . or Enter, or press ? or * to list all spells.
Aiming: Vampiric Draining (mildly dangerous; 2% risk of failure)
Press: ? - help, Shift-Dir - straight line, f/p - two-headed ogre
Aim: a two-headed ogre, wielding a +0 giant club and a +0 giant spiked club (severely wounded, unable to see you)
You draw life force from the two-headed ogre!
You feel life coursing into your body.
The two-headed ogre hits you with a +0 giant club!!
You die...
Kikubaaqudgha rasps: "You have failed me!
Welcome... death!"

######### #........#
######### #........#
#........ #........#
#........ #........###
#.>...... #..........##
#........ #........#..#
#........
#...)....##.###........
#........##..@Ogg..g...
#.>......######........
######.### #....y...
#.# ########. #.# #+#


You could see a two-headed ogre (unable to see you), a gnoll sergeant (unable to
see you), a killer bee (unable to see you) and 2 gnolls.

Vanquished Creatures
  A two-headed ogre (D:6)
  An acid dragon (D:7)
  An ice beast (D:5)
  3 orc warriors
  2 sky beasts
  5 ogres
  3 centaurs
  2 wolves (D:6)
  2 phantoms (D:6)
  A kobold brigand (D:6)
  Blork the orc (D:5)
  4 gnoll sergeants
  4 scorpions
  2 howler monkeys (D:7)
  3 electric eels (D:3)
  4 crimson imps (D:4)
  6 hounds
  2 jellies (D:6)
  4 gnoll boudas
  2 orc priests
  3 iguanas
  4 orc wizards
  A mummy (D:6)
  5 adders
  30 gnolls
  A shadow imp (D:7)
  2 white imps
  A worm (D:3)
  2 dart slugs
  11 orcs
  8 ball pythons
  3 endoplasms
  4 giant cockroaches
  5 goblins
  8 hobgoblins
  12 jackals
  3 quokkas
  3 bats
  A frilled lizard (D:2)
  15 kobolds
  4 rats
179 creatures vanquished.

Vanquished Creatures (collateral kills)
  An ice beast (D:7)
  2 gnolls
  A hobgoblin (D:6)
  A kobold (D:6)
5 creatures vanquished.

Vanquished Creatures (others)
  An ogre zombie (D:6)
  2 gnoll zombies (D:6)
  2 hobgoblin zombies (D:6)
  A kobold zombie (D:6)
  An orc zombie (D:7)
  28 plants
  A withered plant (D:7)
36 creatures vanquished.

Grand Total: 220 creatures vanquished

Notes
Turn   | Place    | Note
-------+----------+-------------------------------------------
     0 | D:1      | freelancePsychic the Human Wanderer began the quest for the
                  | Orb.
     0 | D:1      | freelancePsychic set off with the following items: a +3
                  | short sword, a +0 sling, a scroll of blinking, a +0 leather
                  | armour.
     0 | D:1      | Reached XP level 1. HP: 16/16 MP: 1/1
   219 | D:1      | Reached XP level 2. HP: 22/22 MP: 2/2
   894 | D:2      | Reached XP level 3. HP: 28/28 MP: 3/3
   926 | D:2      | Found a faded altar of an unknown god.
  1086 | D:2      | Reached XP level 4. HP: 34/34 MP: 4/4
  1373 | D:3      | Found a transporter.
  1388 | D:3      | Found a transporter.
  1408 | D:3      | Reached XP level 5. HP: 41/41 MP: 5/5
  1448 | D:3      | Identified the +8 scimitar "Xigutz" {pain, rElec Str+9
                  | Int-3 Dex-4}
  1527 | D:3      | Reached XP level 6. HP: 47/47 MP: 6/6
  1673 | D:3      | Found a faded altar of an unknown god.
  1763 | D:3      | Found a burning altar of Makhleb.
  1788 | D:3      | Found a blossoming altar of Fedhas.
  1995 | D:4      | Identified a scroll of acquirement
  1997 | D:4      | Found Saova's Jewellery Shoppe.
  1998 | D:4      | Acquired the ring "Mentok" {Fly Int+6}
  2038 | D:4      | Reached skill level 1 in Long Blades
  2039 | D:4      | Reached skill level 1 in Necromancy
  2154 | D:4      | Noticed an ogre
  2448 | D:4      | Found a shimmering altar of Xom.
  2643 | D:4      | Reached XP level 7. HP: 54/54 MP: 7/7
  2694 | D:5      | Entered Level 5 of the Dungeon
  2997 | D:5      | Noticed Blork the orc
  3008 | D:5      | Killed Blork the orc
  3036 | D:5      | Reached XP level 8. HP: 59/61 MP: 8/8
  3040 | D:5      | Found a sacrificial altar of Ru.
  3064 | D:5      | Found a radiant altar of Vehumet.
  3073 | D:5      | Found an ancient bone altar of Kikubaaqudgha.
  3080 | D:5      | Became a worshipper of Kikubaaqudgha
  3086 | D:5      | Found a shimmering blue altar of Sif Muna.
  3122 | D:5      | Reached skill level 5 in Fighting
  3353 | D:6      | Reached skill level 5 in Long Blades
  3478 | D:6      | Reached skill level 5 in Necromancy
  3478 | D:6      | Reached XP level 9. HP: 55/69 MP: 9/9
  3519 | D:5      | Reached * piety under Kikubaaqudgha
  3519 | D:5      | Received a gift from Kikubaaqudgha
  3525 | D:5      | Learned a level 4 spell: Animate Dead
  4122 | D:6      | Found a snail-covered altar of Cheibriados.
  4218 | D:6      | Reached ** piety under Kikubaaqudgha
  4261 | D:6      | Noticed a two-headed ogre
  4320 | D:5      | Learned a level 3 spell: Vampiric Draining
  4487 | D:6      | Reached skill level 1 in Spellcasting
  4569 | D:6      | Found a hazy altar of Hepliaklqana.
  4729 | D:6      | Reached XP level 10. HP: 61/79 MP: 8/13
  4948 | D:6      | Killed a two-headed ogre
  5501 | D:7      | Found a staircase to the Ecumenical Temple.
  5588 | D:7      | Found an iron altar of Okawaru.
  5662 | D:7      | Noticed Prince Ribbit
  5930 | D:7      | Found a glowing silver altar of Zin.
  5939 | D:7      | Found a runed translucent door.
  5942 | D:7      | Noticed ragingrage's ghost (novice MiDe)
  6091 | D:7      | You are sucked into a shaft and drop 3 floors!
  6091 | D:10     | Entered Level 10 of the Dungeon
  6097 | D:10     | Learned a level 4 spell: Anguish
  6109 | D:10     | Noticed an orange demon
  6114 | D:10     | Noticed an orange demon
  6233 | D:9      | Noticed a two-headed ogre
  6250 | D:9      | Slain by a two-headed ogre

Illustrated notes

Levels and vault maps discovered:
D:1:      psy_arrival_heroes, layout_loops_ring
D:2:      minmay_diamond_boxcup, layout_rooms, basic_ecumenical_altar,
          minmay_misc_feat_diagonals
D:3:      gammafunk_steamed_eel, layout_loops_ring,
          nicolae_overflow_ecumenical_swirl, lightli_temple_of_fire,
          minmay_misc_feat_tiny, hangedman_abyss_or_decor_lesser_grid
D:4:      layout_loops_ring, led_xom_imps, serial_glass, glass_columns_b,
          glass_columns_a, glass_columns_b, glass_columns_a, glass_columns_a,
          glass_columns_a, nicolae_take_the_stairs
D:5:      layout_rooms, palyth_temple_overflow_mages,
          nicolae_ru_sacrificial_ziggurat, uniq_blork_the_orc
D:6:      kennysheep_housing_project, layout_cave_pools, chei_slow_surprise,
          nzn_hepliaklqana_mist_gate, serial_gnoll_camp,
          gnoll_camp_mini_doghouse, gnoll_camp_medium_02,
          gnoll_camp_mini_loothouse, gnoll_camp_medium_01, gnoll_camp_mini_hut
D:7:      layout_gridville, mainiacjoe_overflow_small_starburst,
          lemuel_crystal_altar, minmay_temple_entry_stoned_glass,
          gammafunk_ghost_grave, uniq_prince_ribbit1
D:9:      layout_roguey, nicolae_elyvilon_peaceful_grove,
          nicolae_tso_carved_into_rock, lemuel_flamethrower_1
D:10:     layout_basic, kennysheep_little_box, due_lair_maze_entry_diamond,
          minmay_beelzebubs_servants

Skill      XL: |  1  2  3  4  5  6  7  8  9 10 |
---------------+-------------------------------+-----
Fighting       | 3 4 5 7 8 |  8.3
Short Blades   | 6 |  6.5
Long Blades    | 2 4 5 6 |  6.3
Necromancy     | 1 2 5 7 8 |  8.0
Spellcasting   | 2 4 |  4.4
Ranged Weapons | |  1.6
Armour         | |  2.0
Hexes          | |  0.2

Action                   |  1- 3 |  4- 6 |  7- 9 | 10-12 || total
-------------------------+-------+-------+-------+-------++-------
Melee: Short sword       |    49 |    35 |       |       ||    84
       Punch             |     1 |       |     3 |     2 ||     6
       Scimitar          |       |    44 |   254 |    77 ||   375
 Fire: Sling             |     9 |       |       |       ||     9
 Cast: Animate Dead      |       |       |     3 |     5 ||     8
       Vampiric Draining |       |       |       |    19 ||    19
Evoke: Wand              |       |     3 |     6 |     6 ||    15
  Use: Scroll            |       |     5 |     2 |     7 ||    14
       Potion            |       |     2 |       |     2 ||     4
 Stab: Invisible         |       |       |       |     1 ||     1
Armor: Leather armour    |     1 |       |       |       ||     1
       Scale mail        |    29 |    52 |    71 |       ||   152
       Ring mail         |       |       |    88 |    35 ||   123
Dodge: Dodged            |    16 |    29 |   142 |    50 ||   237

Table legend: (Time is in decaauts)
 A = Elapsed time spent in this place.
 B = Non-inter-level travel time spent in this place.
 C = Inter-level travel time spent in this place.
 D = Time resting spent in this place.
 E = Time spent auto-exploring this place.
 F = Levels seen in this place.
 G = Mean time per level.
                   A        B        C        D        E       F      G
               +--------+--------+--------+--------+--------+-----+--------+
         Total |   6378 |   5928 |    450 |     57 |   4457 |   9 |  708.7 |
       Dungeon |   6378 |   5928 |    450 |     57 |   4457 |   9 |  708.7 |
               +--------+--------+--------+--------+--------+-----+--------+

Top non-repeatable levels by time:
     D:6: 1675 daAuts
     D:7: 941 daAuts
     D:4: 872 daAuts
     D:5: 776 daAuts
     D:1: 730 daAuts
     D:3: 726 daAuts
     D:2: 499 daAuts
    D:10: 101 daAuts
     D:9: 55 daAuts
